 Dungeon Crawl Stone Soup version 0.20.1-1-g8b1a95d (webtiles) character file.

96 empire the Skirmisher (level 4, -1/41 HPs)
             Began as a Minotaur Fighter on Aug 10, 2017.
             Slain by a centaur (8 damage)
             ... on level 3 of the Dungeon.
             The game lasted 00:02:11 (1174 turns).

empire the Skirmisher (Minotaur Fighter)            Turns: 1174, Time: 00:02:12

Health: -1/41      AC:  7    Str: 20    XL:     4   Next: 41%
Magic:  3/3        EV:  8    Int:  5    God:
Gold:   37         SH:  9    Dex: 11    Spells: 3/3 levels left

rFire    . . .     SeeInvis .   a - +0 long sword
rCold    . . .     Gourm    .   c - +0 shield
rNeg     . . .     Faith    .   b - +0 scale mail
rPois    .         Spirit   .   (helmet restricted)
rElec    .         Reflect  .   (no cloak)
rCorr    .         Harm     .   (no gloves)
MR       .....                  (no boots)
Stlth    ..........             (no amulet)
Regen    0.2/turn               (no ring)
MPRegen  0.1/turn               (no ring)

@: lethally poisoned (-1 -> -2)
A: retaliatory headbutt, horns 2
a: no special abilities


You were on level 3 of the Dungeon.
You were not hungry.

You visited 1 branch of the dungeon, and saw 3 of its levels.

You collected 37 gold pieces.

Inventory:

Hand Weapons
 a - a +0 long sword (weapon)
Armour
 b - a +0 scale mail (worn)
 c - a +0 shield (worn)
Jewellery
 m - an uncursed amulet of regeneration {unknown}
Scrolls
 e - 3 scrolls of identify {unknown}
 h - a scroll of teleportation {unknown}
 j - a scroll of enchant armour {unknown}
 k - 2 scrolls of remove curse {unknown}
 l - a scroll of random uselessness {unknown}
 n - a scroll of fog {unknown}
 p - a scroll of recharging {unknown}
Potions
 d - a potion of might
 g - a potion of ambrosia {unknown}
 i - 2 potions of lignification {unknown}
Comestibles
 f - a bread ration
 o - 2 chunks of flesh


   Skills:
 + Level 4.3 Fighting
 + Level 3.2 Long Blades
 + Level 4.2 Armour
 + Level 1.6 Dodging
 + Level 4.3 Shields


You had 3 spell levels left.
You didn't know any spells.

Dungeon Overview and Level Annotations

Branches:
Dungeon (3/15)

Altars:
Ashenzari
Kikubaaqudgha


Innate Abilities, Weirdness & Mutations

You reflexively headbutt those who attack you in melee.
You have a pair of horns on your head.


Message History

You kill the kobold!
The centaur shoots an arrow.
You block the arrow.
You closely miss the kobold.
The kobold hits you but does no damage. x2
You slash the kobold!
You kill the kobold!
You feel sick.
The centaur shoots an arrow.
The arrow completely misses you.
The centaur shoots an arrow.
The arrow hits you!
* * * LOW HITPOINT WARNING * * *
Items here: (( ))) †† The centaur unwields an uncursed shortbow.
The centaur barely misses you. You block the centaur's attack.
Things that are here:
a poisoned needle; an arrow You closely miss the centaur.
Your headbutt misses the centaur. You block the centaur's attack.
Unknown command.
You slash the centaur! You headbutt the centaur!
The centaur is severely wounded.
You feel sick. You block the centaur's attack. The centaur hits you!
You die...

#. ####### #.#
#......... ..
#......... ####
##.##......... ...
...#......... ###.##
#.#.........
##.....##...........
#.......#.(.........
#.......#@.(<.......
...(_...(.c.(.......
#......(#...........
#.......#...#####...
##.....##...# #.
###.## #....# ...
...#.# ... .#.$#..
... ..#... ..


You could see a centaur.

Vanquished Creatures
  Jessica (D:2)
  2 adders (D:2)
  A worm (D:2)
  2 dart slugs
  A leopard gecko (D:2)
  A giant cockroach (D:2)
  3 goblins
  4 hobgoblins
  11 jackals
  7 kobolds
  A ball python (D:2)
  3 bats
  2 frilled lizards
  4 rats
43 creatures vanquished.

Notes
Turn   | Place    | Note
-------+----------+-------------------------------------------
     0 | D:1      | empire the Minotaur Fighter began the quest for the Orb.
     0 | D:1      | Reached XP level 1. HP: 19/19 MP: 0/0
   309 | D:1      | Reached XP level 2. HP: 27/27 MP: 1/1
   731 | D:2      | Reached XP level 3. HP: 25/33 MP: 2/2
   774 | D:2      | Reached skill level 1 in Dodging
   882 | D:2      | Noticed Jessica
   894 | D:2      | Killed Jessica
   894 | D:2      | Reached XP level 4. HP: 35/40 MP: 3/3
   996 | D:2      | Found a shattered altar of Ashenzari.
  1154 | D:3      | Noticed a centaur
  1157 | D:3      | Found an ancient bone altar of Kikubaaqudgha.
  1174 | D:3      | Slain by a centaur

Skill      XL: |  1  2  3 |
---------------+----------+-----
Fighting       | 4 |  4.3
Armour         | 4 |  4.2
Shields        | 4 |  4.3
Dodging        | 1 |  1.6
Long Blades    | 3 |  3.2

Action                   |  1- 3 |  4- 6 || total
-------------------------+-------+-------++-------
Melee: Long sword        |    68 |    29 ||    97
       Headbutt          |     8 |     4 ||    12
  Eat: Chunk             |       |     1 ||     1
Armor: Scale mail        |    44 |     9 ||    53
Dodge: Dodged            |    22 |    13 ||    35
Block: Shield            |    41 |    14 ||    55
       Rpst.: Long sword |     8 |     2 ||    10
